 Dungeon Crawl Stone Soup version 0.29.0-15-g675c0067aa (webtiles) character file.

Game seed: 2977747901931950305

212 Tsarbomb the Chopper (level 5, -1/45 HPs)
             Began as a Hill Orc Fighter on Sept 11, 2022.
             Slain by an orc
             ... wielding a +0 trident
              (7 damage)
             ... on level 4 of the Dungeon.
             The game lasted 00:07:20 (2622 turns).

Tsarbomb the Chopper (Hill Orc Fighter)             Turns: 2622, Time: 00:07:21

Health: -1/45      AC:  8    Str: 24    XL:     5   Next: 89%
Magic:  5/5        EV:  9    Int:  8    God:
Gold:   221        SH:  0    Dex: 12    Spells: 4/4 levels left

rFire   . . .      SeeInvis .   a - +1 war axe
rCold   . . .      Faith    .   c - +0 buckler
rNeg    . . .      Spirit   .   b - +0 scale mail
rPois   .          Reflect  .   o - +2 hat of Privacy {+Inv rCorr Str+3 Dex+2}
rElec   .          Harm     .   (no cloak)
rCorr   +          Rampage  .   (no gloves)
Will    .....                   (no boots)
Stlth   ..........              (no amulet)
HPRegen 0.15/turn               (no ring)
MPRegen 0.09/turn               (no ring)

@: confused
A: no striking features
a: Evoke Invisibility


You were on level 4 of the Dungeon.
You visited 1 branch of the dungeon, and saw 5 of its levels.

You collected 221 gold pieces.

Inventory:

Hand Weapons
 a - a +1 war axe (weapon)
Missiles
 m - 30 stones (quivered)
 q - a throwing net
Armour
 b - a +0 scale mail (worn)
 c - a +0 buckler (worn)
 o - the +2 hat of Privacy (worn) {+Inv rCorr Str+3 Dex+2}
   (You acquired it on level 3 of the Dungeon)

   Str:       It affects your strength (+3).
   Dex:       It affects your dexterity (+2).
   +Inv:      It lets you turn invisible.
   rCorr:     It protects you from acid and corrosion.
 p - a +0 scale mail
Scrolls
 f - a scroll of enchant weapon
 i - a scroll of amnesia
 j - a scroll of vulnerability
 l - 2 scrolls of identify
Potions
 d - a potion of might
 e - a potion of heal wounds {unknown}
 g - a potion of curing {unknown}
 h - 2 potions of degeneration {unknown}
 k - a potion of berserk rage {unknown}
 n - 3 potions of haste {unknown}


   Skills:
 - Level 3.6 Fighting
 + Level 7.0 Axes
 - Level 3.2 Armour
 - Level 3.2 Shields
 * Level 2.3 Necromancy


You had 4 spell levels left.
You didn't know any spells.
Your spell library contained the following spells:

 Spells                   Type           Power      Damage    Failure   Level
 Necrotise                Necr           12%        1d4       50%         1
 Vampiric Draining        Necr           3%         2d6       86%         3
 Call Canine Familiar     Summ           0%         N/A       99%         3
 Portal Projectile        Hex/Tloc       0%         N/A       99%         3
 Leda's Liquefaction      Hex/Erth       0%         N/A       100%        4
 Agony                    Necr           3%         N/A       100%        5


Dungeon Overview and Level Annotations

Branches:
Dungeon (5/15)
 Temple: D:4-7

Altars:
Xom

Annotations:
D:3 Grinder


Message History

You block the orc's attack. The orc closely misses you.
The orc hits you from afar with a +0 trident.
The orc hits you with a +4 trident.
You slash the orc!
You kill the orc!
You slash the orc!
You kill the orc!
You block the orc's attack.
The orc wizard hits you from afar with a +0 trident.
The orc completely misses you. The orc wizard casts a spell at you.
The puff of flame hits you!
* * * LOW HITPOINT WARNING * * *
You are too injured to fight recklessly!
You are too injured to fight recklessly!
You are too injured to fight recklessly!
You are too injured to fight recklessly!
You barely miss the orc wizard. You hit the orc. The orc completely misses you.
You block the orc wizard's attack.
You barely miss the orc wizard. You barely miss the orc.
The orc barely misses you.
The orc wizard hits you with a +0 trident.
* * * LOW HITPOINT WARNING * * *
You slash the orc wizard!
The orc wizard is severely wounded.
You barely miss the orc. The orc closely misses you.
The orc wizard barely misses you.
You hit the orc wizard.
The orc wizard is almost dead.
You hit the orc but do no damage. The orc hits you but does no damage.
The orc wizard points at you and mumbles some strange words.
You are confused.
You closely miss the orc wizard.
The orc wizard is almost dead.
You hit the orc. The orc hits you with a +0 trident.
* * * LOW HITPOINT WARNING * * *
The orc wizard hits you with a +0 trident.
* * * LOW HITPOINT WARNING * * *
The orc hits you with a +0 trident!
You die...

#.# #.###.# # #.#
#.....# # #.# #.....#
###### #.# ......#
#..... #.# #.....#
#..... #.# #.....#
#.....
#.#####†....####.....
#....o...............
#..)@o.....#####.....
#...).....## .......
#.######### .......
#.# ....... #.#
....### #######.#
....### #.......#
##..... ##.######
#..... #.#....#
#.....


You could see an orc wizard and an orc.

Vanquished Creatures
  2 scorpions (D:4)
  A hound (D:4)
  An adder (D:3)
  2 dart slugs
  3 orcs
  8 endoplasms
  3 giant cockroaches
  3 goblins
  6 hobgoblins
  2 quokkas
  7 ball pythons
  3 bats
  2 frilled lizards (D:1)
  3 kobolds
  6 rats
52 creatures vanquished.

Vanquished Creatures (others)
  2 plants (D:4)
2 creatures vanquished.

Grand Total: 54 creatures vanquished

Notes
Turn   | Place    | Note
-------+----------+-------------------------------------------
     0 | D:1      | Tsarbomb the Hill Orc Fighter began the quest for the Orb.
     0 | D:1      | Reached XP level 1. HP: 19/19 MP: 1/1
   106 | D:1      | Reached skill level 3 in Axes
   155 | D:1      | Reached XP level 2. HP: 26/26 MP: 2/2
   291 | D:1      | Reached skill level 4 in Axes
   482 | D:1      | Found a faded altar of an unknown god.
   564 | D:1      | Reached XP level 3. HP: 25/31 MP: 3/3
  1044 | D:2      | Reached skill level 1 in Necromancy
  1670 | D:3      | Noticed Grinder
  1674 | D:3      | Identified a scroll of acquirement
  1674 | D:3      | Acquired the +2 hat of Privacy {+Inv rCorr Str+3 Dex+2}
  1678 | D:3      | Paralysed by Grinder for 5 turns
  1698 | D:3      | Reached skill level 5 in Axes
  2022 | D:4      | Reached XP level 4. HP: 31/37 MP: 4/4
  2149 | D:4      | Noticed a scorpion
  2154 | D:4      | Killed a scorpion
  2155 | D:4      | Reached skill level 6 in Axes
  2155 | D:4      | Reached XP level 5. HP: 31/45 MP: 5/5
  2158 | D:4      | Found a shimmering altar of Xom.
  2356 | D:4      | Noticed an ogre
  2376 | D:5      | Entered Level 5 of the Dungeon
  2388 | D:5      | Noticed a phantom
  2469 | D:4      | Reached skill level 7 in Axes
  2622 | D:4      | Slain by an orc

Illustrated notes

Levels and vault maps discovered:
D:1:      lightli_arrival_chessboard, layout_rooms,
          shapermc_ecumenical_altar_acropolis, minmay_shallow_snake_nest
D:2:      layout_loops_ring, minmay_diced_spiral
D:3:      layout_basic, serial_park_tiny_2, minmay_checkerbox, uniq_grinder
D:4:      layout_basic, mainiacjoe_overflow_chevrons, portal_sewer_entry_e,
          minmay_misc_feat_five, uniq_ijyb
D:5:      layout_cave_pods, serial_shops, nicolae_shop_statue_plus

Skill      XL: |  1  2  3  4  5 |
---------------+----------------+-----
Axes           | 3 4 5 6 7 |  7.0
Necromancy     | 1 2 |  2.3
Fighting       | |  3.6
Armour         | |  3.2
Shields        | |  3.2

Action                   |  1- 3 |  4- 6 || total
-------------------------+-------+-------++-------
Melee: War axe           |    90 |    33 ||   123
  Use: Scroll            |     7 |       ||     7
Armor: Scale mail        |    42 |     7 ||    49
Dodge: Dodged            |    39 |    18 ||    57
Block: Buckler           |    20 |    10 ||    30
